 Dungeon Sprint DCSS version 0.21-a0-400-g417d9d2 (webtiles) character file.

443 Amnesiac the Geomancer (level 6, -10/41 HPs)
             Began as a Demonspawn Earth Elementalist on Oct 20, 2017.
             Was a Follower of Dithmenos.
             Mangled by Sonja
             ... wielding a +1 short sword of distortion
              (17 damage)
             ... in the Dungeon (Sprint I: "Red Sonja").
             The game lasted 00:02:57 (770 turns).

Amnesiac the Geomancer (DsEE)                        Turns: 770, Time: 00:02:58

Health: -10/41     AC:  2    Str:  8    XL:     6   Next: 71%
Magic:  16/18      EV: 12    Int: 19    God:    Dithmenos [*.....]
Gold:   351        SH:  0    Dex: 13    Spells: 12/24 levels left

rFire    + . .     SeeInvis .   (no weapon)
rCold    + . .     Gourm    .   (no shield)
rNeg     . . .     Faith    .   c - +0 robe
rPois    .         Spirit   .   (helmet restricted)
rElec    .         Reflect  .   m - scarf {rC+ rF+}
rCorr    .         Harm     .   (no gloves)
MR       .....     NoTele   +   (no boots)
Stlth    ++........             (no amulet)
HPRegen  0.13/turn              (no ring)
MPRegen  0.16/turn              (no ring)

@: slowed, wreathed by umbra, very slow
A: antennae 1, demonic guardian 1, powered by pain 2
a: Renounce Religion


You were in the Dungeon.
You worshipped Dithmenos.
Dithmenos was aware of your devotion.
You were not hungry.

You visited 1 branch You collected 351 gold pieces.

Inventory:

Missiles
 b - 11 stones (quivered)
Armour
 c - a +0 robe (worn)
 i - a +1 ring mail of cold resistance
 m - a scarf of resistance (worn)
Wands
 a - a wand of random effects (20/48)
Scrolls
 j - a scroll of blinking {!r}
 l - a scroll of enchant weapon {!r, unknown}
Potions
 g - a potion of haste {!q}
 h - 2 potions of magic {!q}
Books
 k - a book of Geomancy

   Spells                             Type                      Level
   a - Sandblast                      Earth                        1
   b - Passwall                       Transmutation/Earth          2
   c - Stone Arrow                    Conjuration/Earth            3
   d - Petrify                        Transmutation/Earth          4
   e - Lee's Rapid Deconstruction     Earth                        5
Comestibles
 d - a bread ration


   Skills:
 - Level 1.7 Dodging
 + Level 1.7 Stealth
 - Level 9.5 Spellcasting
 - Level 0.8 Transmutations
 - Level 9.9 Earth Magic


You had 12 spell levels left.
You knew the following spells:

 Your Spells              Type           Power        Failure   Level  Hunger
a - Sandblast             Erth           #####.       1%          1    None
b - Passwall              Tmut/Erth      ####......   1%          2    None
d - Lee's Rapid Deconstr  Erth           #####.....   3%          5    #####..
e - Petrify               Tmut/Erth      ####....     9%          4    ###....


Dungeon Overview and Level Annotations

Branches:
Dungeon (1/1)

Altars:
Cheibriados
Dithmenos
Elyvilon
Fedhas
Gozag
Hepliaklqana
Kikubaaqudgha
Nemelex Xobeh
Okawaru
Qazlal
Ru
Sif Muna
Trog
Uskayaw
Vehumet
Wu Jian
Yredelemnul
Zin
The Shining One

Shops:
D :

Annotations:
D Sonja


Innate Abilities, Weirdness & Mutations

You have a pair of small antennae on your head.
A weak demonic guardian rushes to your aid.
You sometimes gain power by taking damage.


Message History

Confirm with . or Enter, or press ? or * to list all spells.
Aiming: Sandblast
Press: ? - help, Shift-Dir - straight line, f/p - Sonja
Aim: Sonja, wielding a blowgun (lightly wounded)
The blast of sand misses Sonja.
b - 13 stones
* * * LOW HITPOINT WARNING * * *
You feel very sick.
Sonja shoots a curare-tipped needle.
The curare-tipped needle barely misses you.
Sonja shoots a curare-tipped needle.
The curare-tipped needle hits you.
You are more poisoned.
You have difficulty breathing.
* * * LOW HITPOINT WARNING * * *
You feel as though you will be slow longer.
Unknown command.
Really quaff
e - a potion of curing {!q}?
You feel better.
Sonja shoots a curare-tipped needle.
The curare-tipped needle barely misses you.
Sonja shoots a curare-tipped needle.
The curare-tipped needle completely misses you.
There's something blocking the doorway.
Really quaff
f - a potion of heal wounds {!q}?
You feel much better.
Sonja casts a spell.
Sonja blinks!
Casting: Sandblast
Confirm with . or Enter, or press ? or * to list all spells.
Aiming: Sandblast
Press: ? - help, Shift-Dir - straight line, f/p - Sonja
Aim: Sonja, wielding a blowgun (lightly wounded)
The blast of sand misses Sonja.
b - 12 stones Sonja unwields an uncursed blowgun.
Sonja wields an uncursed short sword of distortion.
Its appearance distorts for a moment.
Sonja hits you with an uncursed short sword of distortion!
Sonja hits you with an uncursed short sword of distortion.
Space bends around you.
* * * LOW HITPOINT WARNING * * *
Sonja closely misses you. Sonja closely misses you.
Sonja hits you with an uncursed short sword of distortion.
* * * LOW HITPOINT WARNING * * *
You feel a strange sense of stasis.
Sonja hits you with an uncursed short sword of distortion.
* * * LOW HITPOINT WARNING * * *
Your shadow imp gestures at Sonja.
Sonja writhes in agony!
Okay, then.
Sonja plants her feet in a plie.
Sonja drinks a potion.
Sonja is healed!
Casting: Sandblast
Confirm with . or Enter, or press ? or * to list all spells.
Aiming: Sandblast
Press: ? - help, Shift-Dir - straight line, f/p - Sonja
Aim: Sonja, wielding a short sword of distortion (moderately wounded, umbra)
The blast of sand hits Sonja.
Sonja is severely wounded.
b - 11 stones Sonja hits you with an uncursed short sword of distortion.
* * * LOW HITPOINT WARNING * * *
Space warps horribly around you!
You die...

################
#<.#..)..#).'..#
#..)..#..+..#..+
#..#####'#####'#
#..####..#...#.#
#..#__####..##.#
#..#_____##'#K@+
#⌠⌠#_.∩...'.5._#
####_..__##_(#+#
#..#_____###(#
########## #.#
$.$ #$.$# ##.##
#+#


You could see Sonja and a friendly shadow imp.

Vanquished Creatures
  Sigmund (D)
  A yak (D)
  An ogre (D)
  A jelly (D)
  Ijyb (D)
5 creatures vanquished.

Notes
Turn   | Place    | Note
-------+----------+-------------------------------------------
     0 | D        | Amnesiac the Demonspawn Earth Elementalist began the quest for the Orb.
     0 | D        | Reached XP level 1. HP: 13/13 MP: 3/3
     1 | D        | Noticed Ijyb
    20 | D        | Killed Ijyb
    20 | D        | Reached skill level 5 in Earth Magic
    20 | D        | Gained mutation: You sometimes gain a little power by taking damage. [demonic ancestry]
    20 | D        | Reached XP level 2. HP: 15/19 MP: 1/6
   143 | D        | Noticed an ogre
   146 | D        | Killed an ogre
   146 | D        | Reached skill level 5 in Spellcasting
   146 | D        | Reached XP level 3. HP: 6/24 MP: 5/9
   146 | D        | Gained mutation: You have a pair of small antennae on your head. [demonic ancestry]
   146 | D        | Reached XP level 4. HP: 8/30 MP: 6/11
   150 | D        | Learned a level 2 spell: Passwall
   155 | D        | Learned a level 4 spell: Petrify
   390 | D        | Found a shadowy altar of Dithmenos.
   390 | D        | Found a sacrificial altar of Ru.
   390 | D        | Found a snail-covered altar of Cheibriados.
   390 | D        | Found an opulent altar of Gozag.
   390 | D        | Found a sparkling altar of Nemelex Xobeh.
   390 | D        | Found a basalt altar of Yredelemnul.
   390 | D        | Found a hide-covered altar of Uskayaw.
   390 | D        | Found a hazy altar of Hepliaklqana.
   390 | D        | Found an ancient bone altar of Kikubaaqudgha.
   390 | D        | Found Efamea's Book Emporium.
   390 | D        | Found a glowing golden altar of the Shining One.
   390 | D        | Found an iron altar of Okawaru.
   390 | D        | Found a bloodstained altar of Trog.
   390 | D        | Found a blossoming altar of Fedhas.
   390 | D        | Found a stormy altar of Qazlal.
   390 | D        | Found a white marble altar of Elyvilon.
   390 | D        | Found a glowing silver altar of Zin.
   390 | D        | Noticed a yak
   390 | D        | Became a worshipper of Dithmenos the Shadowed
   396 | D        | Killed a yak
   396 | D        | Gained mutation: A weak demonic guardian rushes to your aid. [demonic ancestry]
   396 | D        | Reached XP level 5. HP: 16/35 MP: 11/14
   580 | D        | Found a radiant altar of Vehumet.
   581 | D        | Found a deep blue altar of Sif Muna.
   582 | D        | Gained mutation: You sometimes gain power by taking damage. [demonic ancestry]
   582 | D        | Reached XP level 6. HP: 29/41 MP: 14/16
   584 | D        | Found an ornate altar of the Wu Jian Council.
   621 | D        | Learned a level 5 spell: Lee's Rapid Deconstruction
   675 | D        | Noticed Sigmund
   677 | D        | Killed Sigmund
   677 | D        | Reached * piety under Dithmenos
   760 | D        | Noticed Sonja
   770 | D        | Mangled by Sonja

Vault maps used:
D:        dungeon_sprint_1

Skill      XL: |  1  2  3  4  5  6 |
---------------+-------------------+-----
Spellcasting   | 3 5 6 7 9 |  9.5
Earth Magic    | 5 7 9 |  9.9
Dodging        | |  1.7
Stealth        | |  1.7
Transmutations | |  0.8

Action                   |  1- 3 |  4- 6 || total
-------------------------+-------+-------++-------
Melee: Unarmed           |    15 |       ||    15
 Cast: Sandblast         |     5 |    14 ||    19
       Passwall          |       |     6 ||     6
  Use: Potion            |     1 |     2 ||     3
Armor: Robe              |     3 |       ||     3
Dodge: Dodged            |     3 |     6 ||     9

Table legend:
 A = Spawn XP
 B = Non-spawn XP
 C = Spawn XP percentage of total XP
 D = Spawn monster count
 E = Non-spawn monster count
 F = Spawn count percentage of total count
 G = Total turns spent on level
                    A         B        C        D         E        F      G
               +---------+---------+-------+---------+---------+-------+---------
         Total |       0 |     634 |   0.0 |       0 |       5 |   0.0 |   770
               +---------+---------+-------+---------+---------+-------+---------
             D |       0 |     634 |   0.0 |       0 |       5 |   0.0 |   770
               +---------+---------+-------+---------+---------+-------+---------
